 Dungeon Crawl Stone Soup version 0.21.1-1-g345015f (webtiles) character file.

1691 tidbits the Insei (level 9, -2/79 HPs)
             Began as a Gnoll Transmuter on Mar 23, 2018.
             Was a Follower of Cheibriados.
             Slain by ceb's ghost (10 damage)
             ... on level 8 of the Dungeon.
             The game lasted 00:21:10 (1816 turns).

tidbits the Insei (Gnoll Transmuter)                Turns: 1816, Time: 00:21:11

Health: -2/79      AC:  6    Str: 16    XL:     9   Next: 2%
Magic:  25/27      EV: 16    Int: 21    God:    Cheibriados [*.....]
Gold:   273        SH:  0    Dex: 19    Spells: 10/20 levels left

rFire    . . .     SeeInvis .     - Unarmed
rCold    + + +     Gourm    .   (shield currently unavailable)
rNeg     . . .     Faith    .   (armour currently unavailable)
rPois    +         Spirit   .   (helmet currently unavailable)
rElec    +         Reflect  .   (cloak currently unavailable)
rCorr    +         Harm     .   (gloves currently unavailable)
MR       .....                  (boots currently unavailable)
Stlth    +++.......             e - amulet of magic regeneration
HPRegen  0.23/turn              s - ring of magical power
MPRegen  0.45/turn              V - +2 ring of evasion

@: ice-form, resistant, very slow
A: large, distributed training, strong nose
a: End Transformation, Bend Time, Renounce Religion


You were on level 8 of the Dungeon.
You worshipped Cheibriados.
Cheibriados was aware of your devotion.
You were not hungry.
You were a creature of crystalline ice.
You visited 2 branches of the dungeon, and saw 11 of its levels.

You collected 273 gold pieces.

Inventory:

Hand Weapons
 a - a +1 dagger of venom (melded)
   (You took it off a kobold on level 3 of the Dungeon)
 b - a +0 dagger
 f - a cursed +0 hand axe
 j - a +0 short sword
 l - a +0 shortbow
 n - a +0 war axe
 J - a +0 blowgun
Missiles
 i - 106 arrows
 m - 16 sling bullets
 w - 30 poisoned needles
 K - 2 javelins (quivered)
 L - 2 tomahawks
Armour
 g - a +0 robe
 u - a +1 pair of boots
 B - a +2 robe of magic resistance (melded)
   (You took it off Sigmund on level 2 of the Dungeon)
 C - a +2 cloak (melded)
 F - a +2 pair of boots (melded)
Jewellery
 e - an amulet of magic regeneration (around neck)
   (You found it on level 1 of the Dungeon)
 o - an uncursed ring of ice
   (You found it on level 5 of the Dungeon)
 s - a ring of magical power (left front paw)
   (You found it on level 5 of the Dungeon)
 D - an uncursed amulet of harm {unknown}
   (You found it on level 9 of the Dungeon)
 V - a +2 ring of evasion (right front paw)
   (You found it on level 6 of the Dungeon)
Wands
 p - a wand of polymorph (10)
 y - a wand of clouds (4)
 E - a wand of iceblast (9)
Scrolls
 h - a scroll of teleportation
 k - 2 scrolls of amnesia
 r - a scroll of remove curse
 v - 2 scrolls of enchant weapon
 x - a scroll of noise {unknown}
 A - a scroll of blinking {unknown}
 H - a scroll of magic mapping
Potions
 z - a potion of lignification {unknown}
 G - a potion of agility {unknown}
 I - a potion of curing
Books
 d - a book of Changes

   Spells                             Type                      Level
   a - Beastly Appendage              Transmutation                1
   b - Sticks to Snakes               Transmutation                2
   c - Spider Form                    Transmutation/Poison         3
   d - Ice Form                       Ice/Transmutation            4
   e - Blade Hands                    Transmutation                5
Comestibles
 c - 6 rations


   Skills:
 + Level 4.6 Fighting
 + Level 3.7 Short Blades
 + Level 3.7 Long Blades
 + Level 3.7 Axes
 + Level 3.7 Maces & Flails
 + Level 3.7 Polearms
 + Level 3.7 Staves
 + Level 3.7 Slings
 + Level 3.7 Bows
 + Level 3.7 Crossbows
 + Level 3.7 Throwing
 + Level 3.7 Armour
 + Level 6.0 Dodging
 + Level 3.7 Stealth
 + Level 3.7 Shields
 + Level 7.6 Unarmed Combat
 + Level 6.3 Spellcasting
 + Level 3.0 Conjurations
 + Level 3.0 Hexes
 + Level 3.0 Charms
 + Level 3.0 Summonings
 + Level 3.0 Necromancy
 + Level 3.0 Translocations
 + Level 4.9 Transmutations
 + Level 3.0 Fire Magic
 + Level 3.0 Ice Magic
 + Level 3.0 Air Magic
 + Level 3.0 Earth Magic
 + Level 3.0 Poison Magic
 + Level 4.1 Invocations
 + Level 3.7 Evocations


You had 10 spell levels left.
You knew the following spells:

 Your Spells              Type           Power        Failure   Level  Hunger
e - Beastly Appendage     Tmut           ####..       1%          1    None
i - Ice Form              Ice/Tmut       ###.....     19%         4    ###....
k - Sticks to Snakes      Tmut           ####....     1%          2    None
p - Spider Form           Tmut/Pois      ###.......   5%          3    #......


Dungeon Overview and Level Annotations

Branches:
Dungeon (10/15)            Temple (1/1) D:7
   Lair: D:8-11         Orc: D:9-12

Altars:
Cheibriados
Elyvilon
Fedhas
Ru
Uskayaw
Vehumet
Wu Jian
The Shining One

Annotations:
D:3 vatarom's ghost, amateur DrVM
D:8 ceb's ghost, novice DsFi


Innate Abilities, Weirdness & Mutations

Your experience applies equally to all skills.
((You have very sharp teeth.))
Your uncanny sense of smell can sniff out nearby items.


Message History

* * * LOW HITPOINT WARNING * * *
x2 Your ball python closely misses ceb's ghost.
You hit ceb's ghost but do no damage.
Ceb's ghost is heavily damaged.
Your adder bites ceb's ghost but does no damage.
Ceb's ghost misses you.
Your ball python bites ceb's ghost but does no damage.
You hit ceb's ghost but do no damage.
Ceb's ghost is heavily damaged.
Your adder bites ceb's ghost but does no damage.
Ceb's ghost closely misses you.
Your ball python completely misses ceb's ghost.
Your adder bites ceb's ghost but does no damage.
You pummel ceb's ghost!!
Ceb's ghost is severely damaged.
Ceb's ghost closely misses you.
Your ball python bites ceb's ghost.
Your adder barely misses ceb's ghost.
You hit ceb's ghost.
Ceb's ghost is severely damaged.
Your ball python bites ceb's ghost but does no damage.
Ceb's ghost hits your ball python!
Your ball python dies!
Your adder bites ceb's ghost but does no damage.
You catch the helpless ceb's ghost completely off-guard!
You hit ceb's ghost.
Ceb's ghost is almost destroyed.
Your adder closely misses ceb's ghost.
Ceb's ghost hits you.
* * * LOW HITPOINT WARNING * * *
x2 You barely miss ceb's ghost.
Ceb's ghost is severely damaged.
Your adder bites ceb's ghost but does no damage.
You hit ceb's ghost but do no damage.
Ceb's ghost is severely damaged.
Ceb's ghost barely misses you.
Your adder bites ceb's ghost but does no damage.
You hit ceb's ghost but do no damage.
Ceb's ghost is severely damaged.
Ceb's ghost hits you.
* * * LOW HITPOINT WARNING * * *
x2 Your adder closely misses ceb's ghost.
You hit ceb's ghost but do no damage.
Ceb's ghost is severely damaged.
Your adder bites ceb's ghost but does no damage.
Ceb's ghost hits your adder.
You punch ceb's ghost!
Ceb's ghost is almost destroyed.
Your adder barely misses ceb's ghost.
Ceb's ghost hits you!
* * * LOW HITPOINT WARNING * * *
x2 You barely miss ceb's ghost.
Ceb's ghost is almost destroyed.
You warm up again.
Your +1 dagger of venom unmelds from your body.
Your +2 cloak unmelds from your body.
Your +2 pair of boots unmelds from your body.
Your +2 robe of magic resistance unmelds from your body.
Your +1 dagger of venom begins to drip with poison!
You feel resistant to hostile enchantments.
Your adder bites ceb's ghost but does no damage.
Ceb's ghost barely misses your adder.
Your adder barely misses ceb's ghost.
You barely miss ceb's ghost.
Ceb's ghost is almost destroyed.
Ceb's ghost hits you but does no damage.
Your adder bites ceb's ghost but does no damage.
You hit ceb's ghost but do no damage. You bite ceb's ghost, but do no damage.
Ceb's ghost is almost destroyed.
Your adder completely misses ceb's ghost.
Casting: Sticks to Snakes
Confirm with . or Enter, or press ? or * to list all spells.
You turn into a creature of crystalline ice.
Your +1 dagger of venom melds into your body.
Your +2 cloak melds into your body.
Your +2 pair of boots melds into your body.
Your +2 robe of magic resistance melds into your body.
Your +1 dagger of venom stops dripping with poison.
You feel less resistant to hostile enchantments.
Ceb's ghost hits you.
* * * LOW HITPOINT WARNING * * *
x2 Your adder bites ceb's ghost but does no damage.
Unknown command.
You hit ceb's ghost but do no damage.
Ceb's ghost is almost destroyed.
Ceb's ghost hits you!
* * * LOW HITPOINT WARNING * * *
x2 Your adder bites ceb's ghost but does no damage.
Unknown command.
You strike the helpless ceb's ghost from behind!
You hit ceb's ghost but do no damage.
Ceb's ghost is almost destroyed.
Your adder withers and dies!
Ceb's ghost closely misses you.
You hit ceb's ghost but do no damage.
Ceb's ghost is almost destroyed.
Ceb's ghost closely misses you.
You feel much better. Ceb's ghost hits you!
* * * LOW HITPOINT WARNING * * *
x2 Unknown command.
You hit ceb's ghost.
Ceb's ghost is almost destroyed.
Ceb's ghost hits you!
You die...

####### ##.# #.#
####.# #.# #....##
#.#
##########.##..#
#.#
...............#
.# #####..P......#
g#..##'#####..#
g#)†'..#...#..#
.##'#(.#.).#.Y#
##+#..#####'##.W#
##........#..#...#
....#+###.#).#...#
.#'##...#.##'##..#
.#..#...#..#..#...
.#..#.oK#..'..#...
#########.#####.#.
# +..)#..').#.. #.


You could see ceb's ghost.

Vanquished Creatures
  Sigmund (D:2)
  Menkaure (D:4)
  A water moccasin (D:7)
  An ogre (D:8)
  4 centaurs
  Blork the orc (D:6)
  A bullfrog (D:9)
  A gnoll sergeant (D:7)
  2 scorpions
  5 killer bees (D:9)
  A hound (D:7)
  A bullfrog skeleton (D:9)
  An orc priest (D:4)
  2 jellies (D:9)
  A worker ant (D:9)
  An iguana (D:4)
  4 gnolls
  10 adders
  A howler monkey skeleton (D:4)
  2 shadow imps
  An adder skeleton (D:4)
  A dart slug (D:1)
  13 orcs
  A bat (D:3)
  A giant cockroach (D:5)
  5 goblins
  8 hobgoblins
  2 jackals (D:1)
  12 kobolds
  2 quokkas
  A ball python (D:3)
  2 frilled lizards
  A rat (D:1)
92 creatures vanquished.

Vanquished Creatures (collateral kills)
  An adder (D:5)
  A quokka (D:2)
2 creatures vanquished.

Grand Total: 94 creatures vanquished

Notes
Turn   | Place    | Note
-------+----------+-------------------------------------------
     0 | D:1      | tidbits the Gnoll Transmuter began the quest for the Orb.
     0 | D:1      | Reached XP level 1. HP: 17/17 MP: 6/6
    32 | D:1      | Reached XP level 2. HP: 8/23 MP: 7/7
    89 | D:1      | Learned a level 2 spell: Sticks to Snakes
   114 | D:3      | Reached XP level 3. HP: 17/28 MP: 9/9
   133 | D:3      | Reached skill level 5 in Spellcasting
   160 | D:3      | Learned a level 3 spell: Spider Form
   165 | D:3      | Noticed a centaur
   175 | D:3      | Reached skill level 1 in Invocations
   180 | D:3      | Killed a centaur
   180 | D:3      | Reached skill level 1 in Short Blades
   180 | D:3      | Reached skill level 1 in Long Blades
   180 | D:3      | Reached skill level 1 in Axes
   180 | D:3      | Reached skill level 1 in Maces & Flails
   180 | D:3      | Reached skill level 1 in Polearms
   180 | D:3      | Reached skill level 1 in Staves
   180 | D:3      | Reached skill level 1 in Slings
   180 | D:3      | Reached skill level 1 in Bows
   180 | D:3      | Reached skill level 1 in Crossbows
   180 | D:3      | Reached skill level 1 in Throwing
   180 | D:3      | Reached skill level 1 in Armour
   180 | D:3      | Reached skill level 1 in Stealth
   180 | D:3      | Reached skill level 1 in Shields
   180 | D:3      | Reached skill level 1 in Conjurations
   180 | D:3      | Reached skill level 1 in Hexes
   180 | D:3      | Reached skill level 1 in Charms
   180 | D:3      | Reached skill level 1 in Summonings
   180 | D:3      | Reached skill level 1 in Necromancy
   180 | D:3      | Reached skill level 1 in Translocations
   180 | D:3      | Reached skill level 1 in Fire Magic
   180 | D:3      | Reached skill level 1 in Ice Magic
   180 | D:3      | Reached skill level 1 in Air Magic
   180 | D:3      | Reached skill level 1 in Earth Magic
   180 | D:3      | Reached skill level 1 in Poison Magic
   180 | D:3      | Reached skill level 1 in Evocations
   180 | D:3      | Reached XP level 4. HP: 17/34 MP: 11/11
   180 | D:3      | Reached XP level 5. HP: 20/40 MP: 12/12
   212 | D:3      | Noticed vatarom's ghost (amateur DrVM)
   274 | D:2      | Noticed Sigmund
   283 | D:2      | Killed Sigmund
   283 | D:2      | Reached skill level 3 in Fighting
   283 | D:2      | Reached skill level 4 in Transmutations
   283 | D:2      | Reached skill level 2 in Invocations
   283 | D:2      | Reached XP level 6. HP: 21/47 MP: 10/14
   445 | D:4      | Reached skill level 5 in Dodging
   450 | D:4      | Reached skill level 2 in Short Blades
   450 | D:4      | Reached skill level 2 in Long Blades
   450 | D:4      | Reached skill level 2 in Axes
   450 | D:4      | Reached skill level 2 in Maces & Flails
   450 | D:4      | Reached skill level 2 in Polearms
   450 | D:4      | Reached skill level 2 in Staves
   450 | D:4      | Reached skill level 2 in Slings
   450 | D:4      | Reached skill level 2 in Bows
   450 | D:4      | Reached skill level 2 in Crossbows
   450 | D:4      | Reached skill level 2 in Throwing
   450 | D:4      | Reached skill level 2 in Armour
   450 | D:4      | Reached skill level 2 in Stealth
   450 | D:4      | Reached skill level 2 in Shields
   450 | D:4      | Reached skill level 2 in Evocations
   598 | D:4      | Found an ornate altar of the Wu Jian Council.
   619 | D:5      | Entered Level 5 of the Dungeon
   674 | D:4      | Found a radiant altar of Vehumet.
   685 | D:4      | Reached XP level 7. HP: 37/52 MP: 9/15
   740 | D:4      | Noticed Menkaure
   750 | D:4      | Killed Menkaure
   750 | D:4      | Reached skill level 7 in Unarmed Combat
   830 | D:5      | Found a sacrificial altar of Ru.
   862 | D:5      | Found a white marble altar of Elyvilon.
   996 | D:6      | Found a hide-covered altar of Uskayaw.
  1005 | D:6      | Reached skill level 2 in Conjurations
  1005 | D:6      | Reached skill level 2 in Hexes
  1005 | D:6      | Reached skill level 2 in Charms
  1005 | D:6      | Reached skill level 2 in Summonings
  1005 | D:6      | Reached skill level 2 in Necromancy
  1005 | D:6      | Reached skill level 2 in Translocations
  1005 | D:6      | Reached skill level 2 in Fire Magic
  1005 | D:6      | Reached skill level 2 in Ice Magic
  1005 | D:6      | Reached skill level 2 in Air Magic
  1005 | D:6      | Reached skill level 2 in Earth Magic
  1005 | D:6      | Reached skill level 2 in Poison Magic
  1007 | D:6      | Noticed Blork the orc
  1018 | D:6      | Killed Blork the orc
  1105 | D:7      | Reached skill level 3 in Invocations
  1134 | D:7      | Found a staircase to the Ecumenical Temple.
  1141 | Temple   | Entered the Ecumenical Temple
  1158 | Temple   | Became a worshipper of Cheibriados the Contemplative
  1175 | Temple   | Learned a level 4 spell: Ice Form
  1183 | D:7      | Reached XP level 8. HP: 47/60 MP: 16/16
  1216 | D:7      | Reached skill level 4 in Fighting
  1216 | D:7      | Reached skill level 3 in Short Blades
  1216 | D:7      | Reached skill level 3 in Long Blades
  1216 | D:7      | Reached skill level 3 in Axes
  1216 | D:7      | Reached skill level 3 in Maces & Flails
  1216 | D:7      | Reached skill level 3 in Polearms
  1216 | D:7      | Reached skill level 3 in Staves
  1216 | D:7      | Reached skill level 3 in Slings
  1216 | D:7      | Reached skill level 3 in Bows
  1216 | D:7      | Reached skill level 3 in Crossbows
  1216 | D:7      | Reached skill level 3 in Throwing
  1216 | D:7      | Reached skill level 3 in Armour
  1216 | D:7      | Reached skill level 3 in Stealth
  1216 | D:7      | Reached skill level 3 in Shields
  1216 | D:7      | Reached skill level 3 in Evocations
  1307 | D:8      | Reached skill level 6 in Spellcasting
  1336 | D:9      | Found a glowing golden altar of the Shining One.
  1378 | D:9      | Noticed a hippogriff
  1448 | D:9      | Reached * piety under Cheibriados
  1461 | D:9      | Reached skill level 3 in Conjurations
  1461 | D:9      | Reached skill level 3 in Hexes
  1461 | D:9      | Reached skill level 3 in Charms
  1461 | D:9      | Reached skill level 3 in Summonings
  1461 | D:9      | Reached skill level 3 in Necromancy
  1461 | D:9      | Reached skill level 3 in Translocations
  1461 | D:9      | Reached skill level 3 in Fire Magic
  1461 | D:9      | Reached skill level 3 in Ice Magic
  1461 | D:9      | Reached skill level 3 in Air Magic
  1461 | D:9      | Reached skill level 3 in Earth Magic
  1461 | D:9      | Reached skill level 3 in Poison Magic
  1461 | D:9      | Reached skill level 4 in Invocations
  1505 | D:9      | Reached XP level 9. HP: 35/66 MP: 18/18
  1516 | D:10     | Entered Level 10 of the Dungeon
  1688 | D:8      | Reached skill level 6 in Dodging
  1771 | D:8      | Noticed ceb's ghost (novice DsFi)
  1812 | D:8      | HP: 4/79 [ceb's ghost (11)]
  1812 | D:8      | HP: 1/79 [ceb's ghost (3)]
  1816 | D:8      | Slain by ceb's ghost

Skill      XL: |  1  2  3  4  5  6  7  8  9 |
---------------+----------------------------+-----
Spellcasting   | 5 6 |  6.3
Invocations    | 1 2 3 4 |  4.1
Short Blades   | 1 2 3 |  3.7
Long Blades    | 1 2 3 |  3.7
Axes           | 1 2 3 |  3.7
Maces & Flails | 1 2 3 |  3.7
Polearms       | 1 2 3 |  3.7
Staves         | 1 2 3 |  3.7
Slings         | 1 2 3 |  3.7
Bows           | 1 2 3 |  3.7
Crossbows      | 1 2 3 |  3.7
Throwing       | 1 2 3 |  3.7
Armour         | 1 2 3 |  3.7
Stealth        | 1 2 3 |  3.7
Shields        | 1 2 3 |  3.7
Conjurations   | 1 2 3 |  3.0
Hexes          | 1 2 3 |  3.0
Charms         | 1 2 3 |  3.0
Summonings     | 1 2 3 |  3.0
Necromancy     | 1 2 3 |  3.0
Translocations | 1 2 3 |  3.0
Fire Magic     | 1 2 3 |  3.0
Ice Magic      | 1 2 3 |  3.0
Air Magic      | 1 2 3 |  3.0
Earth Magic    | 1 2 3 |  3.0
Poison Magic   | 1 2 3 |  3.0
Evocations     | 1 2 3 |  3.7
Fighting       | 3 4 |  4.6
Transmutations | 4 |  4.9
Dodging        | 5 6 |  6.0
Unarmed Combat | 7 |  7.6

Action                   |  1- 3 |  4- 6 |  7- 9 || total
-------------------------+-------+-------+-------++-------
Melee: Unarmed           |    46 |    45 |   141 ||   232
       Kick              |    11 |       |       ||    11
       Bite              |     2 |       |     1 ||     3
       Punch             |     1 |       |     1 ||     2
       Dagger            |       |     4 |    14 ||    18
 Cast: Beastly Appendage |     6 |       |       ||     6
       Sticks to Snakes  |     3 |     6 |    15 ||    24
       Spider Form       |     1 |    10 |    12 ||    23
       Ice Form          |       |       |    10 ||    10
 Abil: End Transformatio |       |     2 |     3 ||     5
  Use: Scroll            |       |     3 |     7 ||    10
       Potion            |       |     1 |     5 ||     6
 Stab: Sleeping          |     3 |     3 |    10 ||    16
       Distracted        |       |     3 |     2 ||     5
       Invisible         |       |       |     3 ||     3
  Eat: Ration            |       |       |     2 ||     2
       Chunk             |       |       |     1 ||     1
Armor: Robe              |     1 |       |     3 ||     4
       Skin              |       |       |    10 ||    10
Dodge: Dodged            |    28 |    39 |   104 ||   171

Table legend:
 A = Turns spent in this place as a percentage of turns spent in the entire game.
 B = Non-inter-level travel turns spent in this place as a percentage of non-inter-level travel turns spent in the entire game.
 C = Inter-level travel turns spent in this place as a percentage of turns spent in this place.
 D = Turns resting spent in this place as a percentage of non-inter-level travel turns spent in this place.
 E = Turns spent auto-exploring this place as a percentage of non-inter-level travel turns spent in this place.
 F = Non-inter-level travel turns spent in this place divided by the number of levels of this place that you've seen.
                   A       B       C       D       E      F
               +-------+-------+-------+-------+-------+----------------------
         Total | 100.0 | 100.0 |   0.1 |   0.0 |   0.0 | 164.9
       Dungeon |  98.0 |  98.0 |   0.1 |   0.0 |   0.0 | 177.8
        Temple |   2.0 |   2.0 |   0.0 |   0.0 |   0.0 |  36.0
               +-------+-------+-------+-------+-------+----------------------

Table legend:
 A = Kills in this place as a percentage of kills in entire the game.
 B = Kills by you in this place as a percentage of kills by you in the entire game.
 C = Kills by friends in this place as a percentage of kills by friends in the entire game.
 D = Other kills in this place as a percentage of other kills in the entire game.
 E = Experience gained in this place as a percentage of experience gained in the entire game.
 F = Experience gained in this place divided by the number of levels of this place that you have seen.
                   A       B       C       D       E      F
               +-------+-------+-------+-------+-------+----------------------
         Total | 100.0 | 100.0 | 100.0 |   N/A | 100.0 | 219.6
       Dungeon | 100.0 | 100.0 | 100.0 |   N/A | 100.0 | 241.6
               +-------+-------+-------+-------+-------+----------------------

Vault maps used:
D:1:      scummos_arrival_simple_crosswalls
D:2:      chequers_ecumenical_altar_twisty, serial_forest,
          infiniplex_forest_lined_4_way, infiniplex_forest_lined_room_3,
          infiniplex_forest_straight_2, infiniplex_forest_clump_double,
          infiniplex_forest_clump_small, infiniplex_forest_end_2,
          infiniplex_forest_end_2, uniq_sigmund
D:4:      kennysheep_little_box, kennysheep_mini_moat, first_ration,
          uniq_menkaure
D:5:      elyvilon_altar_4, lemuel_crystal_altar,
          lemuel_zombie_altar_kikubaaqudgha, guppyfry_early_lair_pool
D:6:      overflow_temple_1_default, uniq_blork_the_orc
D:7:      temple_statues, basic_altar, lightli_corner_chamber,
          uniq_prince_ribbit1
D:8:      corexii_shantytown, kennysheep_mini, enter_bailey_3, grunt_ogre_cave,
          uniq_pikel
D:9:      makhleb_blood_cavern_becter, nicolae_overflow_crystal_walls,
          minivault_7
D:10:     orc_0_dummy, serial_shops, shop_statue, minivault_25,
          minmay_hedge_maze
Temple:   nicolae_temple_figure_eight
